[Event "Titled Tuesday Blitz August 16 Late 2022"]
[White "Omelja, Artem"]
[Black "Pham, Khoi"]
[WhiteFideId "14119846"]
[BlackFideId "1054988"]
[WhiteElo "2382"]
[BlackElo "2376"]
[Result "1-0"]
[Round "02"]
[TimeControl "180+1"]
[Date "2022.08.18"]
[WhiteClock "0:00:00"]
[BlackClock "0:00:00"]

1. d4 f5 2. Bf4 Nf6 3. e3 g6 4. h4 h6 5. Qf3 Bg7 6. Bc4 e6 7. Qg3 Kf7 8. Bxc7 Ne4 9. Bxd8 Nxg3 10. Rh3 Rxd8 11. Rxg3 b6 12. Nf3 Nc6 13. Nbd2 Bb7 14. O-O-O Rac8 15. Kb1 Na5 16. Bd3 d6 17. e4 Nc6 18. c3 Ne7 19. Rh3 e5 20. Rhh1 fxe4 21. Bxe4 d5 22. Bc2 e4 23. Nh2 Kg8 24. Ng4 Rf8 25. f3 h5 26. Ne3 Bh6 27. Rde1 Nf5 28. Nxf5 gxf5 29. Nf1 Rce8 30. Ng3 Bd2 31. Re2 e3 32. Bd3 f4 33. Nf1 Kf7 34. Kc2 Rg8 35. Nxd2 exd2 36. Rxd2 Re3 37. Rf1 Bc8 38. Rff2 Kf6 39. Rde2 Bf5 40. Bxf5 Kxf5 41. Kd2 Rge8 42. Kd1 Rd3+ 43. Kc2 Rde3 44. Rd2 Re1 45. Kd3 R8e3+ 46. Kc2 Rh1 47. Rfe2 Rxh4 48. Rxe3 fxe3 49. Re2 Kf4 50. Kd3 Rh1 51. Rxe3 Rb1 52. Re5 Rxb2 53. Rxh5 Rxg2 54. Rxd5 Kxf3 55. a4 Ra2 56. Rf5+ Kg4 57. Rf7 Rxa4 58. d5 Kg5 59. d6 Ra1 60. Ke4 Kg6 61. Rf2 Rd1 62. Ke5 Re1+ 63. Kd5 Rd1+ 64. Ke6 a5 65. d7 a4 66. Ke7 Re1+ 67. Kd8 a3 68. Kc8 Rd1 69. d8=Q Rxd8+ 70. Kxd8 b5 71. Ra2 Kf5 72. Rxa3 Ke4 73. Kc7 Kd3 74. Kb6 Kc4 75. Ka5 Kc5 76. Rb3 Kc4 77. Rxb5 Kxc3 78. Rb4 1-0


[Site "https://www.chess.com"]

[Event "Titled Tuesday Blitz August 16 Late 2022"]
[White "Oparin, Grigoriy"]
[Black "Yurovskykh, Oleksandr"]
[WhiteFideId "24125890"]
[BlackFideId "14134020"]
[WhiteElo "2639"]
[BlackElo "2292"]
[Result "1/2-1/2"]
[Round "02"]
[TimeControl "180+1"]
[Date "2022.08.16"]
[WhiteClock "0:00:08"]
[BlackClock "0:00:17"]

1. c4 c6 2. Nf3 d5 3. e3 Nf6 4. b3 Bg4 5. h3 Bh5 6. Bb2 e6 7. g4 Bg6 8. Ne5 Nbd7 9. Nxg6 hxg6 10. Bg2 Bd6 11. Nc3 Qe7 12. a3 Rb8 13. Qe2 a6 14. O-O O-O 15. g5 Ne8 16. h4 b5 17. cxb5 axb5 18. f4 Nc7 19. b4 e5 20. f5 gxf5 21. Rxf5 g6 22. Rf2 e4 23. Raf1 Ne5 24. Bxe4 Nc4 25. d3 Nxb2 26. Qxb2 dxe4 27. Nxe4 Be5 28. d4 Bg7 29. Nf6+ Bxf6 30. gxf6 Qxe3 31. h5 Rfe8 32. hxg6 Re4 33. Qc1 Qh3 34. Rg2 Rg4 35. Rf2 Re8 36. Rxg4 Qxg4+ 37. Rg2 Qxd4+ 38. Kf1 Qc4+ 39. Qxc4 bxc4 40. gxf7+ Kxf7 41. Rg7+ Kxf6 42. Rxc7 Re6 43. Rd7 Re3 44. Rd4 Rxa3 45. Rxc4 Rb3 46. Rxc6+ Ke7 47. Rc4 Kd6 48. Ke2 Kd5 49. Rc5+ Kd6 50. Rh5 Kc6 51. Re5 Kb6 52. Re3 Rxe3+ 53. Kxe3 Kb5 54. Kd3 Kxb4 1/2-1/2


[Site "https://www.chess.com"]

[Event "Titled Tuesday Blitz August 16 Late 2022"]
[White "Ozalp, Burak"]
[Black "Putnam, Liam"]
[WhiteFideId "6314210"]
[BlackFideId "30938279"]
[WhiteElo "1854"]
[BlackElo "2035"]
[Result "0-1"]
[Round "02"]
[TimeControl "180+1"]
[Date "2022.08.18"]
[WhiteClock "0:00:00"]
[BlackClock "0:00:00"]

1. e4 e6 2. d4 d5 3. e5 c5 4. c3 Nc6 5. Nf3 Qb6 6. Bd3 Bd7 7. O-O cxd4 8. Re1 dxc3 9. Nxc3 Bc5 10. Qe2 Nge7 11. Na4 Nd4 12. Nxd4 Bxa4 13. Nf3 h6 14. h4 g5 15. hxg5 hxg5 16. Bxg5 Bxf2+ 17. Qxf2 Rh1+ 18. Kxh1 Qxf2 19. Rac1 Kd7 20. Bf6 Rg8 21. Re2 Qg3 22. b3 Bc6 23. a4 d4 24. Bb5 Bxb5 25. axb5 Nd5 26. Rec2 Nxf6 27. Rc7+ Kd8 28. Rxf7 Qxg2# 0-1


[Site "https://www.chess.com"]

[Event "Titled Tuesday Blitz August 16 Late 2022"]
[White "Ozates, Tuna"]
[Black "Van Foreest, Machteld"]
[WhiteFideId "6354521"]
[BlackFideId "1051563"]
[WhiteElo "1887"]
[BlackElo "1971"]
[Result "1/2-1/2"]
[Round "02"]
[TimeControl "180+1"]
[Date "2022.08.18"]
[WhiteClock "0:00:00"]
[BlackClock "0:00:00"]

1. e4 c5 2. Nf3 e6 3. d4 cxd4 4. Nxd4 Nf6 5. Nc3 Nc6 6. Be2 Bc5 7. Nb3 Bb6 8. O-O O-O 9. Kh1 d5 10. exd5 Nxd5 11. Nxd5 exd5 12. Bf3 Be6 13. c3 Qd7 14. Bf4 Rad8 15. a4 d4 16. Bxc6 bxc6 17. a5 Bc7 18. Nc5 Qe7 19. Bxc7 Qxc7 20. cxd4 Qf4 21. Nxe6 fxe6 22. Qb3 Rd5 23. Qe3 Qf6 24. Rac1 Rc8 25. Rfe1 Rxd4 26. Qxe6+ Qxe6 27. Rxe6 Rd2 28. b4 Rxf2 29. Kg1 Rf6 30. Re7 Rf7 31. Re6 Rb7 32. Rexc6 Rxc6 33. Rxc6 Rxb4 34. Rc8+ Kf7 35. Rc7+ Kg6 36. Rxa7 Rb2 37. h3 Kf6 38. Kh2 Rb3 39. h4 h5 40. Ra8 g5 41. hxg5+ Kxg5 42. Rg8+ Kh4 43. g3+ Rxg3 44. Rxg3 1/2-1/2


[Site "https://www.chess.com"]

[Event "Titled Tuesday Blitz August 16 Late 2022"]
[White "Paravyan, David"]
[Black "Korchmar, Vasiliy"]
[WhiteFideId "4194985"]
[BlackFideId "24131750"]
[WhiteElo "2569"]
[BlackElo "2370"]
[Result "1-0"]
[Round "02"]
[TimeControl "180+1"]
[Date "2022.08.16"]
[WhiteClock "0:01:39"]
[BlackClock "0:00:01"]

1. e4 c5 2. Nf3 d6 3. d4 cxd4 4. Nxd4 Nf6 5. Nc3 Nc6 6. Bg5 Bd7 7. Nxc6 bxc6 8. Bc4 e6 9. Qe2 Qa5 10. Bd2 Qb6 11. O-O-O Be7 12. g4 d5 13. Bb3 a5 14. g5 Nxe4 15. Nxe4 dxe4 16. a4 c5 17. Bc3 Bc6 18. Bxg7 Rg8 19. Bf6 Bxf6 20. gxf6 Rb8 21. Rhg1 Rg6 22. Qh5 Bd5 23. Rxg6 hxg6 24. Qh8+ Kd7 25. Qg7 c4 26. Qxf7+ Kc6 27. Kb1 cxb3 28. c4 Rd8 29. cxd5+ Rxd5 30. Qxe6+ 1-0


[Site "https://www.chess.com"]

[Event "Titled Tuesday Blitz August 16 Late 2022"]
[White "Petrovic, Aleksa"]
[Black "Quispe Santacruz, Javier"]
[WhiteFideId "967629"]
[BlackFideId "3800920"]
[WhiteElo "2262"]
[BlackElo "1929"]
[Result "1-0"]
[Round "02"]
[TimeControl "180+1"]
[Date "2022.08.18"]
[WhiteClock "0:00:00"]
[BlackClock "0:00:00"]

1. e4 e5 2. Nf3 Nc6 3. Bb5 a6 4. Ba4 Nf6 5. O-O Be7 6. Re1 b5 7. Bb3 d6 8. c3 O-O 9. d4 Bg4 10. Be3 Nxe4 11. Bd5 Qd7 12. Bxe4 d5 13. Bc2 e4 14. h3 exf3 15. hxg4 Qxg4 16. Qxf3 Qxf3 17. gxf3 f5 18. f4 Bd6 19. Nd2 Rae8 20. Nf3 h6 21. Ne5 Bxe5 22. dxe5 Nd8 23. a4 1-0


[Site "https://www.chess.com"]

[Event "Titled Tuesday Blitz August 16 Late 2022"]
[White "Postnikov, Daniil"]
[Black "Sanchez, Robert"]
[WhiteFideId "4166329"]
[BlackFideId "2034360"]
[WhiteElo "2261"]
[BlackElo "1966"]
[Result "0-1"]
[Round "02"]
[TimeControl "180+1"]
[Date "2022.08.18"]
[WhiteClock "0:00:00"]
[BlackClock "0:00:00"]

1. e4 e6 2. d4 d5 3. e5 c5 4. c3 Nc6 5. Nf3 Bd7 6. a3 f6 7. Bd3 Qc7 8. O-O cxd4 9. cxd4 fxe5 10. Nxe5 Nxe5 11. Bf4 Qd8 12. Bxe5 Nf6 13. g4 Ne4 14. Nc3 Bc6 15. f3 Nxc3 16. bxc3 Qg5 17. f4 Qh4 18. f5 O-O-O 19. Bg3 Qh6 20. Bf4 Qh4 21. fxe6 Bd6 22. Bf5 Kb8 23. Qd2 h6 24. Bxd6+ Rxd6 25. Qf4 Kc7 26. Rae1 Re8 27. Qe5 Re7 28. Qf4 Qg5 29. Qxg5 hxg5 30. Re5 g6 31. Bxg6 Rdxe6 32. Rxg5 Re2 33. Rf7 Rxf7 34. Bxf7 Re3 35. Bxd5 Rxc3 36. Rg7+ Kb6 37. Bxc6 bxc6 38. h4 Rxa3 39. h5 a5 40. h6 Rh3 41. h7 a4 42. Kg2 Rh4 43. Kg3 Rh1 44. Re7 a3 45. Re3 Rxh7 46. Rxa3 Rd7 47. Rb3+ Ka5 48. Rc3 Kb5 49. Rc5+ Kb6 50. Rc4 Kb5 51. Rc5+ Kb6 52. Rc3 Rxd4 53. g5 c5 54. Kh3 Kb5 55. g6 Rd8 56. Kg4 Kb4 57. Rc1 c4 58. Kf5 c3 59. Rb1+ Kc4 60. g7 c2 61. Rc1 Kc3 62. Ke4 Kd2 63. Rg1 Rg8 64. Kf5 Rxg7 65. Rxg7 c1=Q 66. Re7 Kd3 67. Re5 Qf1+ 68. Ke6 Kd4 69. Rd5+ Kc4 70. Re5 Qd3 71. Kf6 Qd4 72. Ke6 Kc3 73. Kf5 Kd3 74. Ke6 Qf2 75. Rf5 Qe3+ 76. Re5 Qa7 77. Rd5+ Kc4 78. Re5 Qc7 79. Kf5 Kd4 80. Re4+ Kd5 81. Re1 Qf7+ 82. Kg4 Qg6+ 83. Kf3 Qf5+ 84. Ke2 Qh3 85. Kd2 Kd4 86. Re2 Qc3+ 87. Kd1 Kd3 88. Ra2 Qb3+ 0-1


[Site "https://www.chess.com"]

[Event "Titled Tuesday Blitz August 16 Late 2022"]
[White "Pourkashiyan, Atousa"]
[Black "Rostovtsev, Dmitry"]
[WhiteFideId "12502014"]
[BlackFideId "34278320"]
[WhiteElo "2247"]
[BlackElo "2295"]
[Result "0-1"]
[Round "02"]
[TimeControl "180+1"]
[Date "2022.08.18"]
[WhiteClock "0:00:00"]
[BlackClock "0:00:00"]

1. e4 c5 2. Nf3 d6 3. d4 cxd4 4. Nxd4 Nf6 5. Nc3 Nc6 6. Bc4 e6 7. O-O a6 8. Bg5 Be7 9. a4 Bd7 10. Kh1 Rc8 11. Bb3 h6 12. Bh4 g5 13. Bg3 Qb6 14. Nxc6 Qxc6 15. e5 dxe5 16. Bxe5 Rd8 17. Qe2 h5 18. Rad1 h4 19. h3 g4 20. Bxf6 Bxf6 21. Qxg4 Bxc3 22. bxc3 Qxc3 23. Rd3 Qc5 24. Rfd1 Ke7 25. Qg7 Qf5 26. Bxe6 Bxe6 27. Rxd8 Rxd8 28. Rxd8 Kxd8 29. Qf8+ Kd7 30. Qc5 Qxc5 0-1


[Site "https://www.chess.com"]

[Event "Titled Tuesday Blitz August 16 Late 2022"]
[White "Prieto Aranguren, Alain"]
[Black "Golubev, Mikhail"]
[WhiteFideId "2268906"]
[BlackFideId "14100983"]
[WhiteElo "2224"]
[BlackElo "2374"]
[Result "0-1"]
[Round "02"]
[TimeControl "180+1"]
[Date "2022.08.18"]
[WhiteClock "0:00:00"]
[BlackClock "0:00:00"]

1. d4 Nf6 2. c4 g6 3. Nc3 Bg7 4. e4 d6 5. Be2 O-O 6. Nf3 e5 7. d5 Qe8 8. Bg5 Nh5 9. Nd2 f5 10. exf5 Nf4 11. Bxf4 exf4 12. fxg6 Qxg6 13. Qb1 Bf5 14. Nce4 Na6 15. Bf3 Nc5 16. O-O Rae8 17. Re1 a5 18. Qc2 Re7 19. Re2 Rfe8 20. Rae1 Bd4 21. Kf1 h5 22. b3 h4 23. h3 Kf8 24. a3 Rg7 25. Bg4 Bxg4 26. hxg4 Qxg4 27. f3 Qxf3+ 28. Rf2 Qg4 0-1


[Site "https://www.chess.com"]

[Event "Titled Tuesday Blitz August 16 Late 2022"]
[White "Rangel, Daniel"]
[Black "Lorenzo De La Riva, Lazaro"]
[WhiteFideId "2124475"]
[BlackFideId "2268809"]
[WhiteElo "2225"]
[BlackElo "2325"]
[Result "0-1"]
[Round "02"]
[TimeControl "180+1"]
[Date "2022.08.18"]
[WhiteClock "0:00:00"]
[BlackClock "0:00:00"]

1. b3 e6 2. Bb2 c5 3. Nf3 Nc6 4. g3 h5 5. Bg2 h4 6. O-O hxg3 7. hxg3 d6 8. c3 Nf6 9. d4 cxd4 10. cxd4 d5 11. Ne5 Nxe5 12. dxe5 Ng4 13. e4 Qg5 14. Re1 Qh5 15. exd5 Qf5 16. Qf3 Qh5 17. d6 Bd7 18. Qxb7 Rc8 19. Nc3 Qh2+ 20. Kf1 Rh5 21. Rac1 Rf5 22. Ne4 Rd8 23. Rc7 Nxe5 24. Bxe5 Rxe5 25. Rxd7 Rxd7 26. Qc8+ Rd8 27. Qc6+ Rd7 28. Nc5 Rxc5 29. Qxc5 Bxd6 30. Qc8+ Ke7 31. Bc6 Qh3+ 32. Kg1 Rd8 33. Qb7+ Kf8 34. Bg2 Qf5 35. Qe4 Qa5 36. Re2 Bc5 37. Bf3 Qc3 38. Kg2 Bb6 39. Qh7 Ke7 40. Qh4+ Qf6 41. Qxf6+ Kxf6 42. Rc2 Rd4 43. Kf1 g5 44. Ke2 g4 45. Bg2 Ke5 46. Rc4 f5 47. Rxd4 Kxd4 48. f3 gxf3+ 49. Bxf3 e5 50. g4 e4 51. Bh1 f4 52. g5 Bd8 53. g6 Bf6 54. b4 f3+ 55. Bxf3 exf3+ 56. Kxf3 Kc4 57. Ke2 Kxb4 58. Kd1 Ka3 59. Kc1 Kxa2 60. Kc2 a5 61. Kd3 a4 62. Kc2 a3 63. Kc1 Bg7 64. Kc2 Bh6 0-1


[Site "https://www.chess.com"]

[Event "Titled Tuesday Blitz August 16 Late 2022"]
[White "Riehle, Marco"]
[Black "Kolb, Tobias"]
[WhiteFideId "12904392"]
[BlackFideId "12992321"]
[WhiteElo "2462"]
[BlackElo "2224"]
[Result "1/2-1/2"]
[Round "02"]
[TimeControl "180+1"]
[Date "2022.08.18"]
[WhiteClock "0:00:00"]
[BlackClock "0:00:00"]

1. e4 e5 2. Nf3 Nc6 3. d4 exd4 4. Bc4 Nf6 5. O-O Nxe4 6. Nc3 Nxc3 7. bxc3 d5 8. Bd3 Be7 9. Re1 O-O 10. cxd4 Bg4 11. Bf4 Nxd4 12. Bxh7+ Kxh7 13. Qxd4 Bxf3 14. gxf3 Qd7 15. Re5 Bf6 16. Rh5+ Kg8 17. Be5 Bxe5 18. Rxe5 c6 19. Rae1 Rfe8 20. Rxe8+ Rxe8 21. Rxe8+ Qxe8 22. Qxa7 Qe2 23. Qxb7 Qxc2 24. h4 d4 25. Qd7 d3 26. Qc8+ Kh7 27. Qf5+ Kg8 28. Qc8+ Kh7 29. Qf5+ Kg8 30. Qc8+ 1/2-1/2


[Site "https://www.chess.com"]

[Event "Titled Tuesday Blitz August 16 Late 2022"]
[White "Romanchuk, Viktor"]
[Black "Bortnyk, Olexandr"]
[WhiteFideId "14109271"]
[BlackFideId "14120828"]
[WhiteElo "2242"]
[BlackElo "2723"]
[Result "0-1"]
[Round "02"]
[TimeControl "180+1"]
[Date "2022.08.16"]
[WhiteClock "0:00:47"]
[BlackClock "0:01:49"]

1. d4 d6 2. c4 e5 3. Nc3 exd4 4. Qxd4 Nc6 5. Qd2 g6 6. b3 Bg7 7. Bb2 Nf6 8. g3 Be6 9. Bg2 Qd7 10. Nd5 Bxd5 11. cxd5 Ne7 12. e4 O-O 13. Ne2 Rfe8 14. O-O h5 15. h3 a5 16. Rac1 a4 17. Rc2 axb3 18. axb3 c5 19. dxc6 Nxc6 20. Bxf6 Bxf6 21. Rd1 Qe6 22. Qxd6 Red8 23. Qd5 Nb4 24. Nf4 Rxd5 0-1


[Site "https://www.chess.com"]

[Event "Titled Tuesday Blitz August 16 Late 2022"]
[White "Romero Ruscalleda, Josep"]
[Black "Ozdemir, Serhan Berat"]
[WhiteFideId "2231859"]
[BlackFideId "6374611"]
[WhiteElo "2193"]
[BlackElo "1920"]
[Result "1-0"]
[Round "02"]
[TimeControl "180+1"]
[Date "2022.08.18"]
[WhiteClock "0:00:00"]
[BlackClock "0:00:00"]

1. e4 c5 2. c3 d5 3. exd5 Qxd5 4. d4 Nc6 5. Be3 cxd4 6. cxd4 e6 7. Nc3 Bb4 8. Nf3 Nf6 9. Bd3 O-O 10. O-O Qa5 11. Ne2 Bd6 12. a3 Qh5 13. Ng3 Bxg3 14. fxg3 b6 15. Ne5 Qxd1 16. Raxd1 Nxe5 17. dxe5 Nd5 18. Bd4 Bb7 19. Rf2 Rac8 20. Rdf1 Rc7 21. b4 Rd8 22. Bb2 Nc3 23. Bc2 Nd5 24. Rd1 Rdc8 25. Bb3 h6 26. g4 Ne3 27. Re1 Nxg2 28. Rxg2 Bxg2 29. Kxg2 Rc2+ 30. Bxc2 Rxc2+ 31. Kf3 Rxb2 32. h4 Rb3+ 33. Re3 Rxa3 34. Rxa3 a5 35. bxa5 bxa5 36. Rxa5 h5 37. gxh5 Kh7 38. Kg4 Kh6 39. Ra7 f5+ 40. exf6 gxf6 41. Re7 f5+ 42. Kf4 Kxh5 43. Rxe6 Kxh4 44. Rh6# 1-0


[Site "https://www.chess.com"]

[Event "Titled Tuesday Blitz August 16 Late 2022"]
[White "Rustemov, Alexander"]
[Black "Soham Kamotra"]
[WhiteFideId "4119002"]
[BlackFideId "46647490"]
[WhiteElo "2790"]
[BlackElo "2082"]
[Result "1-0"]
[Round "02"]
[TimeControl "180+1"]
[Date "2022.08.16"]
[WhiteClock "0:01:31"]
[BlackClock "0:00:15"]

1. d4 Nf6 2. c4 b6 3. Nc3 Bb7 4. Nf3 e6 5. a3 d5 6. Bg5 Be7 7. Bxf6 Bxf6 8. cxd5 exd5 9. Qa4+ Nd7 10. g3 O-O 11. Bh3 Nb8 12. O-O Re8 13. Rfd1 c6 14. Rac1 Qd6 15. Qc2 Nd7 16. e4 dxe4 17. Nxe4 Qe7 18. Re1 Nf8 19. Nc5 Qc7 20. Rxe8 Rxe8 21. Nxb7 Qxb7 22. Qxc6 Qxc6 23. Rxc6 Ne6 24. Bxe6 fxe6 25. Kf1 Kf7 26. Ke2 Ke7 27. Rc7+ 1-0


[Site "https://www.chess.com"]

[Event "Titled Tuesday Blitz August 16 Late 2022"]
[White "Rytenko, Vsevolod"]
[Black "Martinez Alcantara, Jose Eduardo"]
[WhiteFideId "14133040"]
[BlackFideId "3805662"]
[WhiteElo "2120"]
[BlackElo "2703"]
[Result "0-1"]
[Round "02"]
[TimeControl "180+1"]
[Date "2022.08.16"]
[WhiteClock "0:00:43"]
[BlackClock "0:02:35"]

1. e4 c5 2. Nf3 d6 3. d4 cxd4 4. Nxd4 Nf6 5. f3 e6 6. c4 Be7 7. Nc3 O-O 8. Be2 Nc6 9. O-O d5 10. cxd5 exd5 11. Nxc6 bxc6 12. exd5 Nxd5 13. Nxd5 cxd5 14. Be3 Bf6 15. Bd4 a5 16. Qd2 a4 17. Rfd1 Be6 18. Rac1 Rb8 19. Qc3 Bxd4+ 20. Rxd4 Qb6 21. Qe3 Rfe8 22. Bf1 Qxb2 23. Rxa4 Bd7 24. Qa3 Bxa4 0-1


[Site "https://www.chess.com"]

[Event "Titled Tuesday Blitz August 16 Late 2022"]
[White "Sadovsky, Artem"]
[Black "Pinheiro, Iung Alicio de O."]
[WhiteFideId "4155840"]
[BlackFideId "2104350"]
[WhiteElo "2312"]
[BlackElo "2283"]
[Result "0-1"]
[Round "02"]
[TimeControl "180+1"]
[Date "2022.08.18"]
[WhiteClock "0:00:00"]
[BlackClock "0:00:00"]

1. d3 e5 2. Kd2 d5 3. c3 Nc6 4. Kc2 Nf6 5. Bg5 Be7 6. h3 O-O 7. Nd2 a5 8. Bxf6 Bxf6 9. e4 Be6 10. Ngf3 a4 11. exd5 Bxd5 12. Ne4 Be7 13. Be2 b5 14. a3 Bb3+ 0-1


[Site "https://www.chess.com"]

[Event "Titled Tuesday Blitz August 16 Late 2022"]
[White "Salem, A.R. Saleh"]
[Black "Kim, Sergey"]
[WhiteFideId "9301348"]
[BlackFideId "13700570"]
[WhiteElo "2674"]
[BlackElo "2610"]
[Result "1-0"]
[Round "02"]
[TimeControl "180+1"]
[Date "2022.08.16"]
[WhiteClock "0:00:10"]
[BlackClock "0:00:41"]

1. d4 Nf6 2. c4 g6 3. Nc3 Bg7 4. e4 d6 5. h3 O-O 6. Be3 e5 7. d5 a5 8. Bd3 Na6 9. Nge2 Nc5 10. Bc2 Bd7 11. Qd2 a4 12. g4 Ne8 13. Ng3 c6 14. g5 Nc7 15. h4 cxd5 16. exd5 b5 17. h5 bxc4 18. Bxc5 dxc5 19. Nce4 Nb5 20. f3 Nd4 21. Bd1 Bf5 22. Nxf5 gxf5 23. Nc3 h6 24. gxh6 Bf6 25. Be2 Kh8 26. f4 Rg8 27. O-O-O a3 28. Bxc4 axb2+ 29. Kb1 Qa5 30. Rhg1 e4 31. Rxg8+ Rxg8 32. Nxe4 Qxd2 33. Nxd2 Rb8 34. Nb3 Kh7 35. d6 Kxh6 36. Bxf7 Rd8 37. Nxc5 Rxd6 38. a4 Rc6 39. Nd7 Bg7 40. Ne5 Ra6 41. Rxd4 1-0


[Site "https://www.chess.com"]

[Event "Titled Tuesday Blitz August 16 Late 2022"]
[White "Sarkar, Justin"]
[Black "Janaszak, Dawid"]
[WhiteFideId "2010011"]
[BlackFideId "1119206"]
[WhiteElo "2076"]
[BlackElo "2165"]
[Result "0-1"]
[Round "02"]
[TimeControl "180+1"]
[Date "2022.08.18"]
[WhiteClock "0:00:00"]
[BlackClock "0:00:00"]

1. e4 c5 2. Nf3 Nc6 3. d4 cxd4 4. Nxd4 g6 5. c4 Bg7 6. Nc2 d6 7. Be2 Be6 8. O-O Rc8 9. Nd2 Nf6 10. Rb1 O-O 11. b3 Qa5 12. Bb2 a6 13. f4 Qxa2 14. Ba3 Ne8 15. e5 Nxe5 16. fxe5 Bxe5 17. Nf3 Bf6 18. Bb4 a5 19. Bd2 a4 20. Ncd4 axb3 21. Nxe6 fxe6 22. Qxb3 Qa7+ 0-1


[Site "https://www.chess.com"]

[Event "Titled Tuesday Blitz August 16 Late 2022"]
[White "Senthil Maran K"]
[Black "Curtis, John"]
[WhiteFideId "25035681"]
[BlackFideId "3200256"]
[WhiteElo "2124"]
[BlackElo "2203"]
[Result "1/2-1/2"]
[Round "02"]
[TimeControl "180+1"]
[Date "2022.08.18"]
[WhiteClock "0:00:00"]
[BlackClock "0:00:00"]

1. c4 c5 2. g3 Nc6 3. Bg2 g6 4. Nf3 Bg7 5. O-O e5 6. Nc3 Nge7 7. d3 d6 8. Rb1 O-O 9. a3 a5 10. Bg5 f6 11. Be3 Nf5 12. Nd2 Nxe3 13. fxe3 Bh6 14. Nd5 Ne7 15. b4 axb4 16. axb4 Nxd5 17. Bxd5+ Kh8 18. e4 cxb4 19. Rxb4 Bh3 20. Rf3 Qa5 21. Rb2 Qc5+ 22. Kh1 Bxd2 23. Rxd2 Qb4 24. Rc2 Qb3 25. Rc1 Qxd1+ 26. Rxd1 Ra2 27. Rf2 Rfa8 28. Rg1 Ra1 29. Rf3 Rxg1+ 30. Kxg1 Ra1+ 31. Kf2 b6 32. Ke3 Kg7 33. Rf2 h5 34. Kd2 Ra2+ 35. Kc3 Ra1 36. Kb4 Rb1+ 37. Ka4 Rb2 38. Ka3 Rb1 39. Ka2 Rb4 40. e3 f5 41. Rb2 Rxb2+ 42. Kxb2 Kf6 43. Kc3 Ke7 44. Kb4 Kd7 45. Bf7 fxe4 46. dxe4 g5 47. Bxh5 Kc7 48. Bg6 Kc6 49. Bf5 g4 50. Be6 Kc7 51. Kb5 Kb7 52. Bf5 Kc7 53. Be6 Kb7 54. Bd5+ Kc7 55. Be6 1/2-1/2


[Site "https://www.chess.com"]

[Event "Titled Tuesday Blitz August 16 Late 2022"]
[White "Sjugirov, Sanan"]
[Black "Aldokhin, Ivan"]
[WhiteFideId "4189302"]
[BlackFideId "24115720"]
[WhiteElo "2609"]
[BlackElo "2246"]
[Result "0-1"]
[Round "02"]
[TimeControl "180+1"]
[Date "2022.08.16"]
[WhiteClock "0:00:04"]
[BlackClock "0:00:09"]

1. d4 Nf6 2. Bg5 g6 3. Nd2 d5 4. e3 Bg7 5. Bd3 O-O 6. c3 c5 7. Ngf3 Nc6 8. h3 Qb6 9. Rb1 Nd7 10. b4 cxb4 11. cxb4 f6 12. Bh4 Nxb4 13. O-O Qd6 14. Bg3 e5 15. Bb5 Nc6 16. e4 Nb6 17. exd5 Qxd5 18. dxe5 Nxe5 19. Nxe5 fxe5 20. Nf3 Qxd1 21. Rfxd1 Bf5 22. Rbc1 e4 23. Nd4 Rad8 24. Nxf5 gxf5 25. Bh4 Rxd1+ 26. Rxd1 Bf6 27. Bg3 Bg5 0-1


[Site "https://www.chess.com"]

[Event "Titled Tuesday Blitz August 16 Late 2022"]
[White "Sokolovsky, Yahli"]
[Black "Zenin, Dmitry"]
[WhiteFideId "2820242"]
[BlackFideId "4127897"]
[WhiteElo "1867"]
[BlackElo "2215"]
[Result "1-0"]
[Round "02"]
[TimeControl "180+1"]
[Date "2022.08.18"]
[WhiteClock "0:00:00"]
[BlackClock "0:00:00"]

1. b3 e5 2. Bb2 Nc6 3. e3 Nf6 4. Nf3 e4 5. Nd4 d5 6. c4 Nxd4 7. Bxd4 Be6 8. Nc3 dxc4 9. Bxc4 Bxc4 10. bxc4 Be7 11. Rb1 b6 12. Bxf6 Bxf6 13. Nxe4 O-O 14. Nxf6+ Qxf6 15. O-O c5 16. d4 cxd4 17. Qxd4 Qxd4 18. exd4 Rfd8 19. Rfd1 Rac8 20. Rbc1 Kf8 21. Kf1 Rc6 22. Ke2 Rg6 23. g3 h5 24. h4 Ke7 25. Kd3 Rgd6 26. Kc3 Kf6 27. Rd3 R8d7 28. Re1 g6 29. Re8 Kf5 30. Rf3+ Kg4 31. Rf4+ Kh3 32. Rf8 f5 33. Re8 Rc7 34. Re5 Kg2 35. a4 Rdc6 36. d5 Rd6 37. Kd4 Rc5 38. Re6 Rd7 39. Rxg6 1-0


[Site "https://www.chess.com"]

[Event "Titled Tuesday Blitz August 16 Late 2022"]
[White "Solon, Nathan"]
[Black "Michalski, Olaf"]
[WhiteFideId "2017229"]
[BlackFideId "1106740"]
[WhiteElo "2306"]
[BlackElo "1937"]
[Result "1-0"]
[Round "02"]
[TimeControl "180+1"]
[Date "2022.08.18"]
[WhiteClock "0:00:00"]
[BlackClock "0:00:00"]

1. e4 c5 2. Nf3 a6 3. d3 e6 4. g3 d5 5. Qe2 d4 6. Bg2 Nc6 7. O-O e5 8. a4 Nf6 9. Na3 b5 10. axb5 axb5 11. Bd2 Rb8 12. c3 dxc3 13. bxc3 Be7 14. Rfb1 b4 15. Nc4 Qc7 16. cxb4 cxb4 17. Rc1 b3 18. Bc3 Qb7 19. Nfxe5 Nxe5 20. Bxe5 Ra8 21. Rxa8 Qxa8 22. Nb6 1-0


[Site "https://www.chess.com"]

[Event "Titled Tuesday Blitz August 16 Late 2022"]
[White "Sourath Biswas"]
[Black "So, Wesley"]
[WhiteFideId "35091484"]
[BlackFideId "5202213"]
[WhiteElo "1777"]
[BlackElo "2763"]
[Result "0-1"]
[Round "02"]
[TimeControl "180+1"]
[Date "2022.08.16"]
[WhiteClock "0:00:26"]
[BlackClock "0:01:16"]

1. d4 Nf6 2. Bf4 d5 3. e3 c5 4. Nf3 Nc6 5. Nbd2 e6 6. c3 cxd4 7. exd4 Nh5 8. Be3 Bd6 9. Ne5 g6 10. g4 Ng7 11. h4 O-O 12. h5 Nxe5 13. dxe5 Bxe5 14. f4 d4 15. Nf3 dxe3 16. Qxd8 Bxc3+ 17. bxc3 Rxd8 18. Ne5 f6 19. Nc4 Bd7 20. Bg2 Rac8 21. Nxe3 Rxc3 22. Kf2 Bc6 23. Bxc6 Rxc6 24. Rhd1 Rxd1 25. Rxd1 gxh5 26. Rd8+ Kf7 27. Rd7+ Kg6 28. Rxb7 Ra6 29. f5+ exf5 30. gxh5+ Nxh5 31. Kf3 Rxa2 32. Ng2 Ra3+ 33. Kf2 Ra2+ 34. Kf3 Ra4 35. Rb8 a5 36. Rg8+ Kf7 37. Ra8 Ra3+ 38. Kf2 f4 39. Nh4 Ng3 40. Ra7+ Ke6 41. Rxh7 Ne4+ 42. Kf1 f3 0-1


[Site "https://www.chess.com"]

[Event "Titled Tuesday Blitz August 16 Late 2022"]
[White "Stanisz, Patryk"]
[Black "Baches Garcia, Guillermo"]
[WhiteFideId "1123106"]
[BlackFideId "2209764"]
[WhiteElo "1833"]
[BlackElo "2326"]
[Result "0-1"]
[Round "02"]
[TimeControl "180+1"]
[Date "2022.08.18"]
[WhiteClock "0:00:00"]
[BlackClock "0:00:00"]

1. d4 Nf6 2. c4 e6 3. Nc3 d5 4. Nf3 c5 5. e3 Nc6 6. a3 a6 7. cxd5 exd5 8. Bd3 Bd6 9. dxc5 Bxc5 10. O-O O-O 11. b4 Ba7 12. Bb2 Bg4 13. Be2 Rc8 14. h3 Bh5 15. Rc1 Qd6 16. Nd4 Bb8 17. g3 Bg6 18. Bf3 Ne5 19. Bg2 Nd3 20. Ba1 Nxc1 21. Qxc1 Ne4 22. Nde2 Rc4 23. Qb2 Qf6 24. Nxd5 Qxb2 25. Ne7+ Kh8 26. Bxb2 Rc2 27. Nxg6+ fxg6 28. Bd4 Nd2 29. Rd1 b5 30. Nf4 Rfc8 31. Bc5 Bxf4 32. exf4 h6 33. Bb7 Rd8 34. Kg2 Kh7 35. Bxa6 Re8 36. Bxb5 Rd8 0-1


[Site "https://www.chess.com"]